 Dungeon Crawl Stone Soup version 0.24.0-28-g17ded55e90 (webtiles) character file.

Game seed: 9944304215191054727, levelgen mode: deterministic

23 Nattfarinn the Conjurer (level 2, -5/15 HPs)
             Began as a Deep Elf Conjurer on Nov 12, 2019.
             Slain by a worm (9 damage)
             ... on level 1 of the Dungeon.
             The game lasted 00:02:14 (960 turns).

Nattfarinn the Conjurer (Deep Elf Conjurer)          Turns: 960, Time: 00:02:15

Health: -5/15      AC:  4    Str:  5    XL:     2   Next: 72%
Magic:  0/8        EV: 14    Int: 19    God:
Gold:   67         SH:  0    Dex: 19    Spells: 6/7 levels left

rFire    . . .     SeeInvis .   h - +1 spear (freeze)
rCold    . . .     Gourm    .   (no shield)
rNeg     . . .     Faith    .   e - +0 robe (curse)
rPois    .         Spirit   .   i - +1 helmet
rElec    .         Reflect  .   (no cloak)
rCorr    .         Harm     .   (no gloves)
MR       .....                  (no boots)
Stlth    ++........             (no amulet)
HPRegen  0.05/turn              d - ring of flight
MPRegen  0.11/turn              l - +4 ring of dexterity

@: no status effects
A: no striking features
a: Evoke Flight


You were on level 1 of the Dungeon.
You were not hungry.

You visited 1 branch of the dungeon, and saw 2 of its levels.

You collected 67 gold pieces.

Inventory:

Hand Weapons
 h - a +1 spear of freezing (weapon)
Missiles
 g - 3 silver javelins (quivered)
Armour
 a - a +0 robe
 e - a cursed +0 robe (worn)
 i - a +1 helmet (worn)
 j - a +1 robe of magic resistance
Jewellery
 d - a ring of flight (left hand)
 l - a +4 ring of dexterity (right hand)
Scrolls
 b - 3 scrolls of teleportation
 k - a scroll of immolation {unknown}
Comestibles
 c - 2 rations


   Skills:
 + Level 2.9 Dodging
 - Level 2.4 Stealth
 + Level 3.4 Spellcasting
 * Level 4.9 Conjurations


You had 6 spell levels left.
You knew the following spells:

 Your Spells              Type           Power        Failure   Level  Hunger
a - Magic Dart            Conj           ###.         1%          1    None

Your spell library contained the following spells:

 Spells                   Type           Power        Failure   Level  Hunger
 Searing Ray              Conj           ###...       3%          2    ##.....
 Dazzling Spray           Conj/Hex       ##....       16%         3    ###....
 Iskenderun's Mystic Bla  Conj           ###.....     19%         4    ####...
 Force Lance              Conj/Tloc      ##......     47%         4    ####...
 Fulminant Prism          Conj/Hex       ##........   47%         4    ####...


Dungeon Overview and Level Annotations

Branches:
Dungeon (2/15)

Altars:

Annotations:
D:2 Jessica


Message History

Casting: Magic Dart (safe; 1% risk of failure)
Confirm with . or Enter, or press ? or * to list all spells.
Aiming: Magic Dart (safe; 1% risk of failure)
Press: ? - help, Shift-Dir - straight line, f/p - worm
Aim: a worm (severely wounded)
The magic dart hits the worm.
The worm is almost dead.
The worm bites you but does no damage.
You climb upwards.
There is a stone staircase leading down here.
Casting: Magic Dart (safe; 1% risk of failure)
Confirm with . or Enter, or press ? or * to list all spells.
Aiming: Magic Dart (safe; 1% risk of failure)
Press: ? - help, Shift-Dir - straight line, f - worm
Aim: a worm (severely wounded)
The magic dart hits the worm.
The worm is almost dead.
The worm bites you!
Ouch! That really hurt!
You die...

#######....................# #.#
### #.........##.........# #>#
..#####.........##.........####..
..##.....##............##.....###
..##.....##............##........
..##....................).....###
..##..........................#
####..##.........<........##..##
#..##........@w........##...#
#...........................#
##...........................#
#......##............##......#
##......##............##......#
##..###.........##.........###.#
................##.........###.#
.######....................#...#
.# #########.##.......##...###


You could see a worm.

Vanquished Creatures
  A gnoll (D:2)
  A leopard gecko (D:1)
  A ball python (D:1)
  3 hobgoblins
  A kobold (D:1)
  3 bats (D:1)
  A frilled lizard (D:1)
  A goblin (D:1)
12 creatures vanquished.

Notes
Turn   | Place    | Note
-------+----------+-------------------------------------------
     0 | D:1      | Nattfarinn the Deep Elf Conjurer began the quest for the
                  | Orb.
     0 | D:1      | Reached XP level 1. HP: 10/10 MP: 6/6
   291 | D:1      | Reached XP level 2. HP: 15/15 MP: 8/8
   687 | D:2      | Noticed Jessica
   960 | D:1      | Slain by a worm

Levels and vault maps discovered:
D:1:      dpeg_arrival_stonehenge_8_columns, layout_loops_ring
D:2:      layout_loops_ring, lemuel_doored_altar, first_ration, minmay_circle_x,
          uniq_jessica

Action                   || total
-------------------------++-------
Melee: Spear             ||    12
 Cast: Magic Dart        ||    29
  Use: Scroll            ||     2
 Stab: Sleeping          ||     1
Armor: Robe              ||     8
Dodge: Dodged            ||    23
